 Dungeon Crawl Stone Soup version 0.17-a0-1-g1f4be75 (console) character file.

86 utis the Chucker (level 4, -7/49 HPs)
             Began as an Ogre Hunter on Mar 13, 2015.
             Mangled by Sigmund
             ... wielding a +1 scythe of slicing
              (10 damage)
             ... on level 2 of the Dungeon.
             The game lasted 00:06:59 (3130 turns).

utis the Chucker (Ogre Hunter)                      Turns: 3130, Time: 00:06:59

Health: -7/49      AC:  3    Str: 17    XL:     4   Next: 49%
Magic:  4/4        EV: 10    Int: 10    God:
Gold:   76         SH:  0    Dex: 11    Spells: 0 memorised, 3 levels left

rFire  . . .     SeeInvis .     v - +0 dagger (curse)
rCold  . . .     Clarity  .     d - +0 animal skin
rNeg   . . .     SustAb   .     (shield restricted)
rPois  .         Gourm    .     (helmet restricted)
rElec  .         Spirit   .     (no cloak)
rCorr  .         Warding  .     (gloves unavailable)
rMut   .         Stasis   .     (boots unavailable)
MR     .....                    (no amulet)
Stlth  +.........               (no ring)
                                (no ring)

@: not resistant to hostile enchantments, very unstealthy
A: unfitting armour, tough skin 1
a: no special abilities


You were on level 2 of the Dungeon.
You were not hungry.

You visited 1 branch of the dungeon, and saw 2 of its levels.

You collected 76 gold pieces.

Inventory:

Hand weapons
 a - a +0 mace
 e - a +0 club
 n - a +0 short sword
 v - a cursed +0 dagger (weapon)
Missiles
 c - 2 throwing nets {=f}
 k - 21 stones (quivered)
 s - 5 tomahawks
Armour
 d - a +0 animal skin (worn)
 l - a +1 pair of gloves
Scrolls
 g - 2 scrolls of blinking {unknown}
 h - a scroll of fear {unknown}
 j - 2 scrolls of recharging
 o - a scroll of immolation {unknown}
 t - a scroll of remove curse {unknown}
 u - a scroll of fog {unknown}
Potions
 m - a potion of cancellation {unknown}
 r - 2 potions of magic
Comestibles
 f - a meat ration
 p - 2 bread rations
 q - a chunk of flesh


   Skills:
 + Level 4.4 Fighting
 + Level 2.9 Maces & Flails
 - Level 4.9 Throwing
 - Level 1.7 Dodging
 - Level 0.7 Stealth


You had 3 spell levels left.
You didn't know any spells.

Dungeon Overview and Level Annotations

Branches:
Dungeon (2/15)

Altars:
Qazlal

Annotations:
D:2 Sigmund


Innate Abilities, Weirdness & Mutations

You are too large for most types of armour.
You have tough skin (AC +1).


Message History

Drink which item? (? for menu, Esc to quit)
You feel better.
Drink which item? (? for menu, Esc to quit)
You feel better.
Sigmund hits you from afar with a scythe of slicing!
* * * LOW HITPOINT WARNING * * *
x2 Unknown command.
Sigmund hits you with a scythe of slicing.
* * * LOW HITPOINT WARNING * * *
x2 You barely miss Sigmund.
Sigmund is severely wounded.
You completely miss Sigmund.
Sigmund is severely wounded.
Sigmund points at you and mumbles some strange words.
The puff of flame hits you!
* * * LOW HITPOINT WARNING * * *
You hit Sigmund.
Sigmund is severely wounded.
Sigmund hits you with a scythe of slicing!
You die...

▓▓▓▓.▓ ▓.▓ ▓..▓▓ ▓ ▓▓.▓▓.▓ ▓.▓
▓.▓▓ ▓▓.▓.▓.▓ ▓▓'▓▓ ▓..▓▓ ▓
▓.▓....▓ ▓▓...▓▓ ▓▓▓.▓.▓▓▓
▓▓...▓▓▓ ▓▓.....▓▓▓......▓.
▓▓.▓▓.▓▓ ▓▓.......▓▓.▓......
▓.▓...▓▓▓▓.........▓.▓▓.....
▓........'.........'........
▓.▓...▓▓▓▓@O.......▓.▓▓.....
▓....▓▓ ▓▓.).....▓▓........
▓▓▓▓.▓ ▓▓.....▓▓▓▓▓▓▓.▓▓▓ ▓.▓
▓▓...▓▓ ▓.▓ ▓.▓ ▓▓'▓▓ ▓.▓ ▓÷▓
▓.▓ ▓.▓ ▓▓▓▓▓▓▓▓▓.▓ ▓.▓
▓▓▓▓▓▓.▓ ..........▓
▓▓▓.▓▓▓▓......▓
.▓▓▓▓▓▓▓▓.▓▓▓▓▓▓▓........▓▓▓▓▓▓


You could see Sigmund.

Vanquished Creatures
  An adder (D:2)
  A gnoll (D:1)
  3 worms (D:2)
  An ooze (D:1)
  3 bats (D:1)
  4 giant cockroaches
  5 goblins
  4 hobgoblins
  8 jackals (D:1)
  6 kobolds
  A ball python (D:1)
  A giant newt (D:2)
  9 rats
47 creatures vanquished.

Notes
Turn   | Place    | Note
--------------------------------------------------------------
     0 | D:1      | utis, the Ogre Hunter, began the quest for the Orb.
     0 | D:1      | Reached XP level 1. HP: 22/22 MP: 1/1
   320 | D:1      | Reached XP level 2. HP: 29/31 MP: 2/2
  1030 | D:1      | Reached XP level 3. HP: 20/39 MP: 3/3
  1391 | D:1      | Reached skill level 1 in Maces & Flails
  2156 | D:2      | Noticed Sigmund
  2228 | D:1      | Reached XP level 4. HP: 41/48 MP: 4/4
  2345 | D:2      | Found a stormy altar of Qazlal.
  2345 | D:2      | Noticed a water elemental
  2345 | D:2      | Noticed a fire elemental
  2345 | D:2      | Noticed an earth elemental
  2345 | D:2      | Noticed an air elemental
  3129 | D:2      | HP: 2/49 [Sigmund/puff of flame (4)]
  3130 | D:2      | Mangled by Sigmund

Action                   |  1- 3 |  4- 6 || total
-------------------------+-------+-------++-------
Melee: Short sword       |   113 |       ||   113
       Mace              |    30 |    29 ||    59
       Club              |    12 |       ||    12
       Dagger            |       |     5 ||     5
Throw: Stone             |     5 |    13 ||    18
       Tomahawk          |     4 |    11 ||    15
       Large rock        |     1 |     5 ||     6
  Use: Scroll            |     3 |       ||     3
       Potion            |       |     2 ||     2
 Stab: Sleeping          |     2 |       ||     2
  Eat: Chunk             |     4 |     3 ||     7
